 Dungeon Crawl Stone Soup version 0.31-a0-949-g57150269e1 (webtiles) character file.

Game seed: 17989855230584593830

2966 greenreed the Summoner (level 9, -1/57 HPs)
             Began as a Barachi Summoner on Oct 21, 2023.
             Was a Follower of Sif Muna.
             Slain by a hornet (7 damage)
             ... while paralysed by a hornet
             ... on level 8 of the Dungeon.
             The game lasted 00:28:29 (8534 turns).

greenreed the Summoner (Barachi Summoner)           Turns: 8534, Time: 00:28:30

Health: -1/57      AC:  6    Str: 12    XL:     9   Next: 82%
Magic:  10/21      EV:  2    Int: 20    God:    Sif Muna [*.....]
Gold:   696        SH:  0    Dex: 12    Spells: 14/24 levels left

rFire   . . .        i - +1 spear (venom)
rCold   . . .        (no shield)
rNeg    . . .        H - +1 robe {Will+}
rPois   .            u - +0 helmet
rElec   .            F - scarf {repulsion}
rCorr   .            B - +0 pair of gloves
SInv    +            K - +0 pair of boots
Will    ++...        I - amulet of the Dragon {Reflect Str+2 SH+5}
Stlth   ++           s - ring of willpower
HPRegen 0.29/turn    A - ring of see invisible
MPRegen 0.17/turn

%: repel missiles, reflection
@: paralysed, lethally poisoned (-1 -> -8), slowed, slow
A: amphibious, slowness 1, strong legs 1, +LOS
a: Hop, Renounce Religion, Channel Magic


You were on level 8 of the Dungeon.
You worshipped Sif Muna.
Sif Muna was aware of your devotion.
You visited 2 branches of the dungeon, and saw 9 of its levels.
You also visited: Ossuary.

You collected 724 gold pieces.
You spent 28 gold pieces at shops.

Inventory:

Hand Weapons
 i - a +1 spear of venom (weapon)
Armour
 a - a +0 robe
 u - a +0 helmet (worn)
 y - a +2 cloak
 B - a +0 pair of gloves (worn)
 F - a scarf of repulsion (worn)
 H - a +1 robe of willpower (worn)
 K - a +0 pair of boots (worn)
Magical Staves
 k - a staff of cold
 x - a staff of conjuration
Jewellery
 g - a ring of poison resistance
 o - a +6 ring of dexterity
 p - a +6 ring of dexterity
 s - a ring of willpower (left hand)
 A - a ring of see invisible (right hand)
 I - the amulet of the Dragon (around neck) {Reflect Str+2 SH+5}
   (You found it on level 7 of the Dungeon)

   [amulet of reflection]

   Reflect:   It reflects blocked missile attacks.
   Str+2:     It affects your strength (+2).
   SH+5:      It affects your SH (+5).
Wands
 w - a wand of acid (2)
Scrolls
 d - 3 scrolls of noise
 m - a scroll of amnesia
 r - 3 scrolls of enchant armour
 z - a scroll of vulnerability
 C - a scroll of enchant weapon {unknown}
 D - 4 scrolls of teleportation {unknown}
 G - a scroll of torment {unknown}
 N - a scroll of fog {unknown}
Potions
 b - a potion of magic
 c - 3 potions of haste
 e - 3 potions of degeneration
 f - a potion of might
 h - 2 potions of berserk rage
 j - 3 potions of invisibility
 l - 7 potions of curing
 n - 2 potions of lignification
 q - 3 potions of enlightenment {unknown}
 t - a potion of ambrosia {unknown}
 v - a potion of cancellation {unknown}
 J - 4 potions of mutation
 L - a potion of resistance {unknown}
 M - a potion of heal wounds {unknown}
 O - a potion of attraction {unknown}


   Skills:
 + Level 6.4 Dodging
 - Level 2.0 Stealth
 * Level 8.0 Spellcasting
 * Level 10.4 Summonings
 + Level 3.4 Air Magic
 + Level 3.3 Invocations


You had 14 spell levels left.
You knew the following spells:

 Your Spells              Type           Power      Damage    Failure   Level
a - Summon Small Mammal   Summ           100%       N/A       1%          1
b - Call Imp              Summ           98%        N/A       1%          2
c - Call Canine Familiar  Summ           49%        N/A       1%          3
d - Summon Lightning Spi  Summ/Air       35%        N/A       4%          4

Your spell library contained the following spells:

 Spells                   Type           Power      Damage    Failure   Level
 Summon Guardian Golem    Hex/Summ       28%        N/A       3%          3
 Static Discharge         Conj/Air       28%        3-5/arc   6%          2
 Freeze                   Ice            32%        1d5       9%          1
 Airstrike                Air            10%        2d(2-18)  21%         4
 Frozen Ramparts          Ice            16%        1d3       26%         3
 Hailstorm                Conj/Ice       8%         3d4       26%         3
 Volatile Blastmotes      Fire/Tloc      16%        2d11      26%         3
 Fulminant Prism          Conj/Hex       4%         3d5       63%         4
 Iskenderun's Mystic Bla  Conj/Tloc      8%         2d4       63%         4
 Petrify                  Tmut/Erth      8%         N/A       63%         4
 Metabolic Englaciation   Hex/Ice        4%         N/A       93%         5
 Haunt                    Necr/Summ      14%        N/A       100%        7
 Borgnjor's Revivificati  Necr           4%         N/A       100%        8
 Death's Door             Necr           4%         N/A       100%        9


Dungeon Overview and Level Annotations

Branches:
Dungeon (8/15)             Temple (1/1) D:4         Ossuary (visited)
   Lair: D:8-11

Altars:
Ashenzari
Cheibriados
Dithmenos
Elyvilon
Fedhas
Gozag
Hepliaklqana
Kikubaaqudgha
Makhleb
Nemelex Xobeh
Okawaru
Qazlal
Ru
Sif Muna
Trog
Uskayaw
Vehumet
Wu Jian
Xom
Yredelemnul
Zin
The Shining One

Shops:
D:1 ?*   D:6 *


Innate Abilities, Weirdness & Mutations

You are amphibious.
You cover ground slowly.
You can hop short distances.
You have an extended range of vision and can be seen from far away.


Message History

Unknown command.
The hornet barely misses your wolf. x2; Your wolf closely misses the hornet.
The white imp barely misses your wolf.
The vampire closely misses your cerulean imp.
The vampire misses your cerulean imp.
Unknown command.
Unknown command.
Casting: Call Imp (safe; 1% risk of failure)
Confirm with . or Enter, or press ? or * to list all spells.
An electric hum fills the air.
Your wolf is no longer moving slowly.
The hornet stings your wolf!
Your wolf dies!
Your wolf's corpse disappears in a puff of smoke!
The white imp gestures at you.
The puff of frost is repelled.
The vampire closely misses your cerulean imp.
The vampire bites your cerulean imp!
Your cerulean imp dies!
Your cerulean imp disappears in a puff of smoke!
Casting: Summon Lightning Spire (dangerous; 4% risk of failure)
Confirm with . or Enter, or press ? or * to list all spells.
The vampire barely misses your lightning spire.
The vampire bites your lightning spire but does no damage.
The hornet barely misses you. The hornet stings you!
You are poisoned.
You suddenly lose the ability to move!
The vampire hits your lightning spire.
The vampire bites your lightning spire but does no damage.
The hornet stings you!
* * * LOW HITPOINT WARNING * * *
You feel yourself slow down.
* * * LOW HITPOINT WARNING * * *
You feel very sick.
The vampire hits your lightning spire but does no damage.
The vampire bites your lightning spire! The hornet barely misses you.
Your wolf bites the hornet.
* * * LOW HITPOINT WARNING * * *
You feel sick.
Your wolf barely misses the hornet.
The hornet stings you!
You die...

#.##..###.###..#
#.#..## #.#
#...## #F# #..##
#o# #..# #.#
#..#####...
#...)....#.
#.†#####... #h@#
# # #8y## #.V5##
#....## ##....#
##.#.# #.#.#
#.#.. #.#.#.


You could see a hornet (ally target), a vampire (invisible), a white imp, a
friendly wolf (summoned) and a friendly lightning spire (summoned).

Vanquished Creatures
  A yak (D:8)
  A steam dragon (D:8)
  A water moccasin (D:8)
  A black bear (D:5)
  A scorpion (D:5)
  A hound (D:7)
  A jelly (D:6)
  Crazy Yiuf (D:3)
  4 iguanas
  2 orc wizards
  A mummy (Ossuary)
  5 adders
  2 gnolls (D:6)
  2 worms (D:4)
  10 orcs
  A bat (D:2)
  2 endoplasms (D:3)
  A giant cockroach (D:3)
  5 goblins
  2 hobgoblins
  2 quokkas
  A ball python (D:3)
  2 frilled lizards (D:2)
  3 kobolds
  A rat (D:2)
  A spectral hobgoblin (D:7)
55 creatures vanquished.

Vanquished Creatures (collateral kills)
  A two-headed ogre (D:8)
  A black bear (D:8)
  An ice beast (D:8)
  A centaur (D:7)
  A phantom (D:6)
  Blork the orc (D:4)
  2 scorpions
  4 bullfrogs
  An electric eel (D:6)
  A howler monkey (D:7)
  A hound (D:6)
  3 orc priests
  A gnoll bouda (D:6)
  2 sleepcaps (D:7)
  2 iguanas
  5 orc wizards
  7 mummies (Ossuary)
  Robin (D:4)
  2 gnolls (D:6)
  7 adders
  4 ufetubi (D:6)
  A worm (D:2)
  A dart slug (D:1)
  20 orcs
  2 ball pythons
  3 endoplasms
  9 goblins (D:4)
  8 hobgoblins
  6 bats
  3 gnoll zombies
  3 hobgoblin zombies (Ossuary)
  4 kobolds
  3 kobold zombies (Ossuary)
  3 rats
115 creatures vanquished.

Grand Total: 170 creatures vanquished

Notes
Turn   | Place    | Note
-------+----------+-------------------------------------------
     0 | D:1      | greenreed the Barachi Summoner began the quest for the Orb.
     0 | D:1      | Reached XP level 1. HP: 13/13 MP: 3/3
   353 | D:1      | Found Dyteu's General Store.
   706 | D:1      | Reached XP level 2. HP: 19/19 MP: 1/5
   756 | D:1      | Reached skill level 5 in Summonings
   989 | D:1      | Found Majuv's Magic Scroll Shoppe.
   996 | D:1      | Bought a scroll of identify for 28 gold pieces
  1232 | D:2      | Reached XP level 3. HP: 24/24 MP: 5/7
  2052 | D:3      | Reached XP level 4. HP: 30/30 MP: 5/8
  2092 | D:3      | Learned a level 2 spell: Call Imp
  2243 | D:3      | Identified the +7 plate armour "Rexidooc" {rElec rC++}
  2624 | D:3      | Found a runed translucent door.
  2625 | D:3      | Noticed Crazy Yiuf
  3028 | D:3      | Killed Crazy Yiuf
  3029 | D:3      | Reached skill level 6 in Summonings
  3029 | D:3      | Reached XP level 5. HP: 35/35 MP: 3/10
  3181 | D:4      | Noticed Robin
  3414 | D:4      | Learned a level 3 spell: Call Canine Familiar
  3471 | D:4      | Killed Robin
  3591 | D:4      | Found a staircase to the Ecumenical Temple.
  3622 | Temple   | Entered the Ecumenical Temple
  3728 | D:4      | Noticed Blork the orc
  3738 | D:4      | Killed Blork the orc
  3739 | D:4      | Reached XP level 6. HP: 41/41 MP: 5/12
  3868 | D:5      | Entered Level 5 of the Dungeon
  4035 | D:5      | Reached skill level 7 in Summonings
  4214 | D:5      | Reached XP level 7. HP: 13/46 MP: 8/14
  4369 | D:5      | Reached skill level 5 in Spellcasting
  4607 | Temple   | Became a worshipper of Sif Muna the Loreminder
  5214 | D:6      | Found an iron altar of Okawaru.
  5413 | D:6      | Reached skill level 8 in Summonings
  5693 | D:6      | Reached XP level 8. HP: 47/52 MP: 1/16
  5803 | D:6      | Found Enimeg's Assorted Antiques.
  6017 | D:6      | Reached skill level 1 in Invocations
  6600 | D:6      | Reached skill level 5 in Dodging
  6792 | D:7      | Found a sparkling altar of Nemelex Xobeh.
  7072 | D:7      | Found an opulent altar of Gozag.
  7125 | D:7      | Learned a level 4 spell: Summon Lightning Spire
  7261 | D:7      | Found a sacrificial altar of Ru.
  7262 | D:7      | Found a shadowy altar of Dithmenos.
  7278 | D:7      | Reached skill level 9 in Summonings
  7290 | D:7      | Identified the amulet of the Dragon {Reflect Str+2 SH+5}
  7380 | D:7      | Found a glowing golden altar of the Shining One.
  7462 | D:7      | Reached skill level 1 in Air Magic
  7496 | D:7      | Found a hazy altar of Hepliaklqana.
  7832 | D:8      | Found a sand-covered staircase.
  7839 | D:8      | Reached * piety under Sif Muna
  7846 | Ossuary  | Entered an ossuary
  7898 | Ossuary  | Reached XP level 9. HP: 41/57 MP: 12/19
  8295 | D:8      | Noticed a hornet
  8303 | D:8      | Noticed a two-headed ogre
  8430 | D:8      | Killed a two-headed ogre
  8431 | D:8      | Reached skill level 10 in Summonings
  8532 | D:8      | Paralysed by a hornet for 3 turns
  8534 | D:8      | Slain by a hornet

Illustrated notes

Levels and vault maps discovered:
D:1:      spicycebolla_arrival_clurvy, layout_basic, serial_shops,
          nicolae_shop_tiny_glass, shop, minivault_24, serial_park_tiny_2
D:2:      layout_basic, chequers_serial_rivers_micro_d,
          dreamdust_princess_corridor
D:3:      layout_basic, kennysheep_another_room, hangedman_decor_push,
          kennysheep_pointless_box, minmay_misc_feat_pillars,
          kennysheep_generic_room_2, uniq_crazy_yiuf_cottage
D:4:      layout_rooms, minmay_temple_entry_poolview, uniq_blork_the_orc,
          uniq_robin
D:5:      layout_basic, serial_bayou_crossing
D:6:      layout_basic, amcnicky_altar_gilded, serial_shops, shop,
          serial_curves, eino_curves_02, eino_curves_02, eino_curves_01,
          serial_bayou_ford_a
D:7:      layout_gridville, grunt_gozag_breadcrumbs,
          nicolae_hepliaklqana_monster_ancestors, overflow_temple_1_default,
          jmf_multi_god_temple, kennysheep_little_box
D:8:      minmay_the_grid_octo_tiled_octocenter [minmay_the_grid_octo_teeth,
          minmay_the_grid_octo_toaster, minmay_the_grid_octo_clover,
          minmay_the_grid_octo_odd_swirl,
          minmay_the_grid_octo_prize_square_snowflake,
          minmay_the_grid_square_5x5_corner, minmay_the_grid_square_5x5_slash,
          minmay_the_grid_square_5x5_beaten_path,
          minmay_the_grid_square_5x5_doubleslash], layout_basic,
          ebering_ghost_gozag, enter_ossuary_3, hex_tiny,
          kennysheep_generic_room_14, uniq_maurice, uniq_prince_ribbit1
Temple:   eino_wide_crystal_templ

Skill      XL: |  1  2  3  4  5  6  7  8  9 |
---------------+----------------------------+-----
Stealth        | 2 |  2.0
Summonings     | 5 6 7 8 9 10 | 10.4
Spellcasting   | 3 4 5 7 8 |  8.0
Dodging        | 3 4 5 6 |  6.4
Invocations    | 2 3 |  3.3
Air Magic      | 1 3 |  3.4

Action                     |  1- 3 |  4- 6 |  7- 9 || total
---------------------------+-------+-------+-------++-------
  Melee: Spear             |    27 |    85 |   114 ||   226
         Punch             |       |     1 |     2 ||     3
   Cast: Summon Small Mamm |    48 |    51 |    26 ||   125
         Call Imp          |       |    16 |    38 ||    54
         Call Canine Famil |       |     6 |    46 ||    52
         Summon Lightning  |       |       |     1 ||     1
Ability: Hop               |       |       |     1 ||     1
    Use: Scroll            |     1 |     8 |     3 ||    12
   Stab: Sleeping          |     3 |       |     2 ||     5
         Distracted        |       |     4 |     1 ||     5
 Armour: Robe              |    22 |    66 |    59 ||   147
  Dodge: Dodged            |    29 |    50 |    63 ||   142
         Repelled          |       |       |     1 ||     1
  Block: Other             |       |       |     7 ||     7
         Reflection        |       |       |     4 ||     4

Table legend: (Time is in decaauts)
 A = Elapsed time spent in this place.
 B = Non-inter-level travel time spent in this place.
 C = Inter-level travel time spent in this place.
 D = Time resting spent in this place.
 E = Time spent auto-exploring this place.
 F = Levels seen in this place.
 G = Mean time per level.
                   A        B        C        D        E       F      G
               +--------+--------+--------+--------+--------+-----+--------+
         Total |   9567 |   9162 |    405 |    364 |   7059 |  10 |  956.7 |
       Dungeon |   9186 |   8797 |    389 |    364 |   6827 |   8 | 1148.2 |
        Temple |     19 |      4 |     15 |      0 |      0 |   1 |   19.0 |
       Ossuary |    361 |    361 |      0 |      0 |    231 |   1 |  361.0 |
               +--------+--------+--------+--------+--------+-----+--------+

Top non-repeatable levels by time:
     D:6: 1852 daAuts
     D:5: 1360 daAuts
     D:3: 1344 daAuts
     D:1: 1167 daAuts
     D:2: 1147 daAuts
     D:7: 1007 daAuts
     D:4: 750 daAuts
     D:8: 556 daAuts
 Ossuary: 361 daAuts
  Temple: 19 daAuts
